 Dungeon Crawl Stone Soup version 0.22-a0-322-g60b3cfd (webtiles) character file.

36 Goblin1989 the Chopper (level 3, -6/34 HPs)
             Began as a Naga Berserker on Apr 6, 2018.
             Was a Believer of Trog.
             Mangled by Sigmund
             ... wielding a +0 scythe
              (11 damage)
             ... on level 2 of the Dungeon.
             The game lasted 00:04:41 (1223 turns).

Goblin1989 the Chopper (Naga Berserker)             Turns: 1223, Time: 00:04:43

Health: -6/34      AC:  3    Str: 19 (20) XL:     3   Next: 37%
Magic:  3/3        EV:  4    Int:  5 (7)  God:    Trog [**....]
Gold:   46         SH: 11    Dex:  7 (10) Spells: 2/2 levels left

rFire    . . .     SeeInvis +   a - +0 hand axe
rCold    . . .     Gourm    .   q - +0 large shield
rNeg     . . .     Faith    .   b - +0 animal skin
rPois    +         Spirit   .   (no helmet)
rElec    .         Reflect  .   (no cloak)
rCorr    .         Harm     .   f - +0 pair of gloves
MR       ++...                  (no barding)
Stlth    +.........             (no amulet)
HPRegen  1.11/turn              (no ring)
MPRegen  0.08/turn              (no ring)

@: berserk cooldown, regenerating, slowed, very slow
A: large, see invisible, deformed body, poison resistance, slowness 2, slow
metabolism 1, spit poison 1, AC +1
a: Spit Poison, Berserk, Trog's Hand, Renounce Religion


You were on level 2 of the Dungeon.
You worshipped Trog.
Trog was pleased with you.
You were near starving.

You visited 1 branch of the dungeon, and saw 2 of its levels.

You collected 46 gold pieces.

Inventory:

Hand Weapons
 a - a +0 hand axe (weapon)
Armour
 b - a +0 animal skin (worn)
 f - a +0 pair of gloves (worn)
 q - a +0 large shield (worn)
Jewellery
 o - an uncursed amulet of magic regeneration {unknown}
Scrolls
 g - a scroll of teleportation {unknown}
 k - a scroll of fear {unknown}
 n - 2 scrolls of remove curse {unknown}
 p - a scroll of identify {unknown}
Potions
 l - a potion of mutation {unknown}
 m - a potion of invisibility {unknown}
Comestibles
 e - 4 rations
 r - 8 chunks of flesh


   Skills:
 + Level 3.0 Fighting
 * Level 4.2 Axes
 + Level 1.6 Armour
 + Level 1.6 Dodging
 + Level 0.1 Shields


You had 2 spell levels left.
You didn't know any spells.

Dungeon Overview and Level Annotations

Branches:
Dungeon (2/15)

Altars:

Annotations:
D:2 Sigmund


Innate Abilities, Weirdness & Mutations

You cannot wear boots.
Your serpentine skin is tough. (AC +1)
You have supernaturally acute eyesight. (SInv)
Armour fits poorly on your strangely shaped body.
Your system is resistant to poisons. (rPois)
You cover ground very slowly.
You have a slow metabolism.
You can spit poison.


Message History

You kill the jackal!
Trog accepts your kill. You block the jackal's attack.
Your shield prevents you from hitting the jackal.
The jackal bites you.
You take 1 damage, and have 31/34 hp.
Unknown command.
You completely miss the jackal. The jackal bites you. x2
You take 2 damage, and have 29/34 hp.
You hit the jackal.
The jackal is severely wounded.
You block the jackal's attack. x2
You hit the jackal.
The jackal is almost dead.
The jackal bites you. You block the jackal's attack.
You take 1 damage, and have 29/34 hp.
A red film seems to cover your vision as you go berserk!
You feel yourself moving faster!
You feel mighty!
You are feeling very hungry.
The jackal barely misses you.
You now have 43/51 hp.
Unknown command.
You barely miss the jackal.
The jackal is almost dead.
You block the jackal's attack.
You closely miss the jackal.
The jackal is almost dead.
The jackal bites you.
You take 1 damage, and have 42/51 hp.
You completely miss the jackal.
The jackal is almost dead.
You block the jackal's attack. x2
You closely miss the jackal.
The jackal is almost dead.
The jackal bites you.
You take 1 damage, and have 41/51 hp.
You slash the jackal!
You kill the jackal!
Trog accepts your kill.
You closely miss the jackal. The jackal barely misses you.
Sigmund closely misses you.
You closely miss the jackal.
The jackal bites you but does no damage.
You block the jackal's attack.
You hit the jackal.
The jackal is almost dead.
Sigmund hits you from afar with a scythe.
You block the jackal's attack.
You take 4 damage, and have 38/51 hp.
You closely miss the jackal.
The jackal is almost dead.
You block the jackal's attack.
You closely miss the jackal.
The jackal is almost dead.
The jackal bites you. You block Sigmund's attack.
You take 1 damage, and have 37/51 hp.
You slash the jackal!
You kill the jackal!
Trog accepts your kill.
You are no longer berserk.
You are exhausted.
You feel yourself slow down.
You now have 25/34 hp.
Unknown command.
Okay, then.
Okay, then.
Press: ? - help, Shift-Dir - straight line, f - Sigmund
Aim: Sigmund, wielding a scythe and wearing a robe (slightly transparent)
The splash of poison hits Sigmund.
Sigmund appears unharmed.
You feel slightly more hungry. You block Sigmund's attack.
Your skin crawls.
You feel resistant to hostile enchantments.
You are near starving!
Sigmund hits you from afar with a scythe!
You take 10 damage, and have 16/34 hp.
MASSIVE DAMAGE!!
Unknown command.
Sigmund hits you but does no damage. Sigmund hits you with a scythe.
* * * LOW HITPOINT WARNING * * *
Things that are here:
a jackal corpse x3
You take 2 damage, and have 14/34 hp.
You closely miss Sigmund.
You feel the effects of Trog's Hand fading.
Sigmund gestures at you while chanting. The magic dart hits you!
* * * LOW HITPOINT WARNING * * *
You take 6 damage, and have 8/34 hp.
Unknown command.
You hit Sigmund but do no damage.
You have got your breath back.
Sigmund closely misses you. Sigmund hits you with a scythe!
* * * LOW HITPOINT WARNING * * *
You take 5 damage, and have 3/34 hp.
Unknown command.
It was a potion of degeneration.
There was something very wrong with that liquid.
You feel weakened.
You feel dopey.
You feel clumsy.
Sigmund laughs darkly.
Sigmund hits you with a scythe!
You die...

........).███
.....)......█
..........█.█
██.....)).█.█
........<██.█
██..........█
████.█....██
█.████.█ █.
█@█ █. █@█
..█ ....
..... <█.█..█
█.......
....█...


You could see Sigmund (invisible).

Vanquished Creatures
  A dart slug (D:1)
  A leopard gecko (D:1)
  3 bats (D:1)
  4 giant cockroaches
  4 goblins
  4 hobgoblins (D:1)
  4 jackals (D:2)
  5 kobolds
  4 rats (D:1)
30 creatures vanquished.

Notes
Turn   | Place    | Note
-------+----------+-------------------------------------------
     0 | D:1      | Goblin1989 the Naga Berserker began the quest for the Orb.
     0 | D:1      | Reached XP level 1. HP: 21/21 MP: 1/1
   291 | D:1      | Reached XP level 2. HP: 28/28 MP: 2/2
   502 | D:1      | Reached skill level 4 in Axes
   874 | D:1      | Reached XP level 3. HP: 31/34 MP: 3/3
  1171 | D:2      | Reached ** piety under Trog
  1190 | D:2      | Noticed Sigmund
  1223 | D:2      | Mangled by Sigmund

Vault maps used:
D:1:      minmay_arrival_diagonal_passages
D:2:      uniq_sigmund, uniq_crazy_yiuf_cottage, uniq_natasha

Skill      XL: |  1  2 |
---------------+-------+-----
Axes           | 4 |  4.2
Fighting       | |  3.0
Armour         | |  1.6
Dodging        | |  1.6
Shields        | |  0.1

Action                   || total
-------------------------++-------
Melee: Hand axe          ||    91
Invok: Berserk           ||     1
       Trog's Hand       ||     1
 Abil: Spit Poison       ||     1
  Use: Potion            ||     1
Armor: Animal skin       ||    37
Dodge: Dodged            ||    48
Block: Large shield      ||    22

Table legend:
 A = Spawn XP
 B = Non-spawn XP
 C = Spawn XP percentage of total XP
 D = Spawn monster count
 E = Non-spawn monster count
 F = Spawn count percentage of total count
 G = Total turns spent on level
                    A         B        C        D         E        F      G
               +---------+---------+-------+---------+---------+-------+---------
         Total |       0 |      52 |   0.0 |       0 |      30 |   0.0 |  1223
               +---------+---------+-------+---------+---------+-------+---------
           D:1 |       0 |      37 |   0.0 |       0 |      22 |   0.0 |  1139
           D:2 |       0 |      15 |   0.0 |       0 |       8 |   0.0 |    84
               +---------+---------+-------+---------+---------+-------+---------

Vault maps used:
D:1:      minmay_arrival_diagonal_passages
D:2:      uniq_sigmund, uniq_crazy_yiuf_cottage, uniq_natasha
